 Dungeon Crawl Stone Soup version 0.29.0-4-gdea44cf6ec (webtiles) character file.

Game seed: 6925464728921483096

41300 qw the Severer (level 13, -1/120 (126) HPs)
             Began as a Minotaur Fighter on Sept 7, 2022.
             Was a Priest of Ru.
             Slain by a blink frog (3 damage)
             ... on level 5 of the Lair of Beasts.
             The game lasted 00:07:44 (13922 turns).

qw the Severer (Minotaur Fighter)                  Turns: 13922, Time: 00:07:44

HP:   -1/120 (126)  AC: 15    Str: 26    XL:     13   Next: 79%
MP:   12/12         EV:  7    Int:  5    God:    Ru [***...]
Gold: 1341          SH:  6    Dex: 10    Spells: 12/12 levels left

rFire   . . .      SeeInvis .   Y - +2 war axe (flame)
rCold   + . .      Faith    .   c - +0 buckler
rNeg    . . .      Spirit   .   w - +0 plate armour
rPois   .          Reflect  .   (helmet unavailable)
rElec   .          Harm     .   q - +2 cloak
rCorr   .          Rampage  .   e - +2 pair of gloves
Will    +....                   m - +2 pair of boots
Stlth   ..........              k - amulet of regeneration
HPRegen 1.10/turn               f - ring of willpower
MPRegen 0.13/turn               a - ring of protection from cold

@: lethally poisoned (-1 -> -1), exhausted, corroded, lightly drained
A: horns 3, inability to use devices, inability to train dodging, retaliatory
headbutt, sense surroundings 1, screaming 1
a: Renounce Religion, Draw Out Power


You were on level 5 of the Lair of Beasts.
You worshipped Ru.
Ru was most pleased with you.
You visited 3 branches of the dungeon, and saw 17 of its levels.

You collected 1341 gold pieces.


Innate Abilities, Weirdness & Mutations

You have a pair of large horns on your head.
You cannot study or use magical devices.
You cannot train Dodging skill.
You reflexively headbutt those who attack you in melee.
You passively map a small area around you.
You occasionally shout uncontrollably at your foes.


   Skills:
 - Level 15.0 Fighting
 - Level 17.0 Axes
 - Level 3.2 Throwing
 + Level 14.5 Armour
 - Level 10.0 Shields


You had 12 spell levels left.
You didn't know any spells.
Your spell library was empty.

Inventory:

Hand Weapons
 Y - a +2 war axe of flaming (weapon)
Missiles
 p - a boomerang (quivered)
Armour
 c - a +0 buckler (worn)
 e - a +2 pair of gloves (worn)
 m - a +2 pair of boots (worn)
 q - a +2 cloak (worn)
 w - a +0 plate armour (worn)
Jewellery
 a - a ring of protection from cold (right hand)
 f - a ring of willpower (left hand)
 k - an amulet of regeneration (around neck)
 v - a ring of resist corrosion
Scrolls
 y - a scroll of identify
Potions
 d - 2 potions of might
 i - a potion of haste
 n - a potion of lignification {unknown}
 o - 6 potions of curing
 r - 2 potions of resistance
 t - a potion of mutation

Dungeon Overview and Level Annotations

Branches:
Dungeon (11/15)            Temple (1/1) D:4            Lair (5/5) D:11
 Shoals (0/4) Lair:2       Spider (0/4) Lair:2          Orc (0/2) D:11
  Slime: Lair:4-5

Altars:
Ashenzari
Cheibriados
Dithmenos
Elyvilon
Fedhas
Gozag
Hepliaklqana
Kikubaaqudgha
Makhleb
Nemelex Xobeh
Okawaru
Qazlal
Ru
Sif Muna
Trog
Uskayaw
Vehumet
Wu Jian
Xom
Yredelemnul
Zin
The Shining One
Jiyva

Annotations:
D:3 1 runed translucent door, Crazy Yiuf
Lair:3 3 runed translucent doors, qw's ghost, journeyman TrCA


Message History

You feel very sick. You block the cane toad's attack.
The goliath frog hits you from afar. The acid corrodes you!
You are splashed with acid!
13915 ||| DRINKING potion of heal wounds.
You feel much better.
You feel sick.
The goliath frog stops glowing.
The cane toad stings you but does no damage.
You block the goliath frog's attack.
You hit the cane toad but do no damage.
The cane toad is almost dead.
You feel sick. The cane toad barely misses you.
The goliath frog barely misses you.
You hit the cane toad. You burn the cane toad.
Your headbutt misses the cane toad.
The cane toad is almost dead.
Your surroundings suddenly seem different.
A blink frog comes into view.
Found a club and 21 gold pieces.
You feel sick.
The blink frog gives a loud, deep croak!
Enter note: You hit the blink frog.
You burn the blink frog. Your headbutt misses the blink frog.
The blink frog is lightly wounded.
You feel sick. The blink frog hits you!
A tyrant leech comes into view.
You closely miss the blink frog.
The blink frog is lightly wounded.
You feel sick. The blink frog completely misses you.
You barely miss the blink frog. Your headbutt misses the blink frog.
The blink frog is lightly wounded.
The blink frog hits you!
You barely miss the blink frog.
The blink frog is lightly wounded.
You feel sick. You block the blink frog's attack.
You miss the blink frog.
The blink frog is lightly wounded.
You feel sick.
The goliath frog hits you but does no damage.
The blink frog hits you.
You die...

.......%.%...# ~
,.........%....~~~~
#............~P~~~~
#..............~~~
~
#.........F...~~~~
~ ,
............~~~~~
.........F...~~~~
.............w~~~ ~
,, .......@F...~~~~
~ .)........P.~~~
..........~.~~~ ~ *
..........~...~ ~~
..............~
............### ,,
, ............. ~,
......$....... * ,
, , ,


You could see a tyrant leech, a goliath frog, a cane toad and a blink frog.

Vanquished Creatures
  Kirke (Lair:4)
  Josephine (Lair:4)
  A boulder beetle (Lair:2)
  A hydra (Lair:5)
  A two-headed ogre (D:11)
  A centaur warrior (D:11)
  3 death yaks (D:11)
  A fire crab (Lair:5)
  Amaemon (Lair:2)
  2 deep elf pyromancers (D:9)
  An oklob plant (Lair:4)
  A manticore (Lair:2)
  18 elephants
  An orange demon (Lair:2)
  2 black mambas
  6 cane toads
  A torpor snail (Lair:3)
  Joseph (D:8)
  4 komodo dragons
  2 rime drakes
  4 trolls
  A wind drake (Lair:2)
  A tyrant leech (Lair:5)
  A queen bee (Lair:1)
  2 polar bears (Lair:4)
  Grinder (D:3)
  8 blink frogs
  3 vampires
  4 hogs (Lair:4)
  5 wraiths (Lair:4)
  40 yaks
  4 wyverns
  A basilisk (Lair:2)
  Grum (D:8)
  Menkaure (D:7)
  3 steam dragons
  6 vampire mosquitoes
  8 water moccasins
  3 acid dragons
  2 orc warriors
  An ice beast (D:6)
  A sky beast (D:8)
  2 black bears
  2 ogres (D:6)
  A swamp drake (D:9)
  10 wolves
  4 boggarts (Lair:4)
  A phantom (D:5)
  4 centaurs
  2 kobold brigands
  Blork the orc (D:4)
  2 gnoll sergeants
  4 necrophages
  11 bullfrogs
  A scorpion (D:3)
  3 wights (D:6)
  33 killer bees
  3 electric eels
  2 howler monkeys
  A crimson imp (D:9)
  2 jellies
  A lava snake (Lair:2)
  5 orc priests
  4 gnoll boudas
  7 hounds (D:8)
  An iron imp (D:9)
  5 hell rats (Lair:4)
  8 iguanas
  8 orc wizards
  17 gnolls
  5 adders
  3 shadow imps
  2 white imps
  An ufetubus (D:6)
  An adder zombie (D:2)
  6 worms
  2 dart slugs
  31 orcs
  2 bats
  A bat skeleton (D:2)
  7 endoplasms
  2 giant cockroaches
  7 goblins
  9 hobgoblins
  11 jackals
  15 kobolds
  5 quokkas
  7 ball pythons
  A ball python skeleton (D:2)
  4 frilled lizards
  A quokka zombie (D:2)
  2 rats (D:1)
421 creatures vanquished.

Vanquished Creatures (others)
  A hydra (Lair:4)
  2 elephants
  A water moccasin (Lair:5)
  A killer bee (Lair:1)
  A bush (Lair:1)
  19 fungi
  50 plants
  3 toadstools (D:7)
78 creatures vanquished.

Grand Total: 499 creatures vanquished

Notes
Turn   | Place    | Note
-------+----------+-------------------------------------------
     0 | D:1      | qw the Minotaur Fighter began the quest for the Orb.
     0 | D:1      | Reached XP level 1. HP: 19/19 MP: 0/0
     0 | D:1      | 0 ||| qw: Version: 0.1-a-108-g9e35731
     0 | D:1      | 0 ||| qw: Game counter: 6503
     0 | D:1      | 0 ||| qw: Always use a shield: true
     0 | D:1      | 0 ||| qw: God list: Ru
     0 | D:1      | 0 ||| qw: Allow faded altars: false
     0 | D:1      | 0 ||| qw: Do Orc after D:15 true
     0 | D:1      | 0 ||| qw: Do second Lair branch before Depths: true
     0 | D:1      | 0 ||| qw: Lair rune preference: random
     0 | D:1      | 0 ||| qw: Plans: Normal
     0 | D:1      | 0 ||| PLANNING D:1-11
   103 | D:1      | Reached skill level 3 in Axes
   131 | D:1      | Reached XP level 2. HP: 20/26 MP: 1/1
   343 | D:1      | 343 ||| Stepping ~*~*~tactically~*~*~ (stealth).
   392 | D:1      | 392 ||| Stepping ~*~*~tactically~*~*~ (hiding).
   395 | D:1      | 395 ||| Stepping ~*~*~tactically~*~*~ (hiding).
   516 | D:1      | Reached skill level 4 in Axes
   555 | D:1      | 555 ||| Stepping ~*~*~tactically~*~*~ (stealth).
   690 | D:1      | Reached XP level 3. HP: 31/31 MP: 2/2
   974 | D:1      | 974 ||| UPGRADING to +1 pair of gloves.
   979 | D:1      | 979 ||| UPGRADING to +0 chain mail.
   989 | D:1      | 989 ||| DROPPING +0 scale mail.
   990 | D:1      | 990 ||| UPGRADING to ring of willpower.
   991 | D:1      | 991 ||| READING scroll labelled VUIGIN TIGOCK.
  1026 | D:2      | 1026 ||| Stepping ~*~*~tactically~*~*~ (stealth).
  1027 | D:2      | 1027 ||| Stepping ~*~*~tactically~*~*~ (stealth).
  1245 | D:2      | Reached skill level 5 in Axes
  1474 | D:2      | 1474 ||| Stepping ~*~*~tactically~*~*~ (stealth).
  1477 | D:2      | 1477 ||| Stepping ~*~*~tactically~*~*~ (stealth).
  1480 | D:2      | Reached XP level 4. HP: 39/39 MP: 3/3
  1746 | D:2      | 1746 ||| UPGRADING to +0 pair of boots.
  1751 | D:2      | 1751 ||| UPGRADING to amulet of regeneration.
  1756 | D:2      | 1756 ||| READING 2 scrolls labelled QED CAPPIO.
  1757 | D:2      | 1757 ||| READING scroll of enchant armour.
  1757 | D:2      | 1757 ||| ENCHANTING +1 pair of gloves.
  1758 | D:2      | 1758 ||| READING scroll labelled YCACVU UMMATT.
  1759 | D:2      | 1759 ||| DRINKING 2 coppery potions.
  1793 | D:3      | Found a runed translucent door.
  1794 | D:3      | Identified the +8 hammer "Xaoclypisch" {venom, Will- Str+3
                  | Dex+7}
  1794 | D:3      | Noticed Crazy Yiuf
  1796 | D:3      | 1796 ||| DROPPING +0 whip.
  1887 | D:3      | Noticed a scorpion
  1896 | D:3      | Killed a scorpion
  1897 | D:3      | Reached skill level 6 in Axes
  1923 | D:3      | 1923 ||| FLEEEEING.
  1924 | D:3      | 1924 ||| FLEEEEING.
  1925 | D:3      | 1925 ||| FLEEEEING.
  1926 | D:3      | 1926 ||| FLEEEEING.
  1927 | D:3      | 1927 ||| FLEEEEING.
  1928 | D:3      | 1928 ||| FLEEEEING.
  1929 | D:3      | 1929 ||| FLEEEEING.
  1930 | D:3      | 1930 ||| FLEEEEING.
  1935 | D:3      | 1935 ||| FLEEEEING.
  1936 | D:3      | 1936 ||| FLEEEEING.
  1937 | D:3      | 1937 ||| FLEEEEING.
  1938 | D:3      | 1938 ||| FLEEEEING.
  1939 | D:3      | 1939 ||| FLEEEEING.
  1943 | D:3      | 1943 ||| FLEEEEING.
  1944 | D:3      | 1944 ||| FLEEEEING.
  1945 | D:3      | 1945 ||| FLEEEEING.
  1946 | D:3      | 1946 ||| STAIRDANCE
  1960 | D:3      | 1960 ||| STAIRDANCE
  2031 | D:3      | Reached XP level 5. HP: 40/45 MP: 4/4
  2043 | D:3      | 2043 ||| Stepping ~*~*~tactically~*~*~ (stealth).
  2049 | D:3      | Reached skill level 1 in Dodging
  2157 | D:3      | Noticed Grinder
  2170 | D:3      | Paralysed by Grinder for 5 turns
  2185 | D:3      | Killed Grinder
  2186 | D:3      | Reached skill level 8 in Axes
  2186 | D:3      | Reached XP level 6. HP: 37/51 MP: 5/5
  2213 | D:3      | 2213 ||| Stepping ~*~*~tactically~*~*~ (stealth).
  2214 | D:3      | 2214 ||| Stepping ~*~*~tactically~*~*~ (stealth).
  2215 | D:3      | 2215 ||| Stepping ~*~*~tactically~*~*~ (stealth).
  2223 | D:3      | 2223 ||| Stepping ~*~*~tactically~*~*~ (stealth).
  2225 | D:3      | 2225 ||| Stepping ~*~*~tactically~*~*~ (stealth).
  2231 | D:3      | 2231 ||| Stepping ~*~*~tactically~*~*~ (stealth).
  2236 | D:3      | 2236 ||| Stepping ~*~*~tactically~*~*~ (stealth).
  2237 | D:3      | 2237 ||| Stepping ~*~*~tactically~*~*~ (stealth).
  2244 | D:3      | 2244 ||| Stepping ~*~*~tactically~*~*~ (hiding).
  2764 | D:3      | 2764 ||| UPGRADING to +0 cloak.
  2769 | D:3      | 2769 ||| READING scroll labelled LUEMOM DAWOEV.
  2822 | D:3      | 2822 ||| DRINKING 2 yellow potions.
  2852 | D:4      | 2852 ||| Stepping ~*~*~tactically~*~*~ (stealth).
  2900 | D:4      | Reached skill level 9 in Axes
  2900 | D:4      | Reached XP level 7. HP: 59/59 MP: 6/6
  2915 | D:4      | Noticed Blork the orc
  2921 | D:4      | Killed Blork the orc
  3034 | D:4      | 3034 ||| Stepping ~*~*~tactically~*~*~ (stealth).
  3034 | D:4      | Noticed a wyvern
  3043 | D:4      | Killed a wyvern
  3050 | D:4      | 3050 ||| FLEEEEING.
  3051 | D:4      | 3051 ||| FLEEEEING.
  3052 | D:4      | 3052 ||| FLEEEEING.
  3053 | D:4      | 3053 ||| FLEEEEING.
  3054 | D:4      | 3054 ||| FLEEEEING.
  3055 | D:4      | 3055 ||| FLEEEEING.
  3088 | D:4      | 3088 ||| Stepping ~*~*~tactically~*~*~ (stealth).
  3097 | D:4      | 3097 ||| Stepping ~*~*~tactically~*~*~ (stealth).
  3100 | D:4      | 3100 ||| Stepping ~*~*~tactically~*~*~ (stealth).
  3139 | D:4      | Reached skill level 10 in Axes
  3139 | D:4      | Reached XP level 8. HP: 54/68 MP: 7/7
  3204 | D:4      | Found a staircase to the Ecumenical Temple.
  3227 | D:4      | 3227 ||| PLANNING TEMPLE
  3227 | D:4      | 3227 ||| READING scroll labelled DINNER ILETUFF.
  3240 | Temple   | Entered the Ecumenical Temple
  3385 | Temple   | 3385 ||| PLANNING D:1-11
  3432 | D:4      | Reached skill level 1 in Throwing
  3683 | D:4      | 3683 ||| READING scroll labelled ITY CUUMITRA.
  3739 | D:5      | Entered Level 5 of the Dungeon
  3849 | D:5      | Reached skill level 6 in Fighting
  3870 | D:5      | 3870 ||| Stepping ~*~*~tactically~*~*~ (stealth).
  3872 | D:5      | 3872 ||| Stepping ~*~*~tactically~*~*~ (stealth).
  3873 | D:5      | 3873 ||| Stepping ~*~*~tactically~*~*~ (stealth).
  3877 | D:5      | 3877 ||| Stepping ~*~*~tactically~*~*~ (stealth).
  3879 | D:5      | 3879 ||| Stepping ~*~*~tactically~*~*~ (stealth).
  3894 | D:5      | Reached skill level 11 in Axes
  3894 | D:5      | 3894 ||| FLEEEEING.
  3895 | D:5      | 3895 ||| FLEEEEING.
  3911 | D:5      | Reached skill level 3 in Dodging
  3949 | D:5      | 3949 ||| SWAPPING to +1 vampiric hand axe.
  3950 | D:5      | 3950 ||| DROPPING +0 war axe.
  4029 | D:5      | Reached XP level 9. HP: 73/77 MP: 8/8
  4524 | D:5      | 4524 ||| READING scroll labelled NOREKE TENIRAA.
  4577 | D:6      | 4577 ||| FLEEEEING.
  4578 | D:6      | 4578 ||| FLEEEEING.
  4579 | D:6      | 4579 ||| FLEEEEING.
  4586 | D:6      | Reached skill level 12 in Axes
  4601 | D:6      | 4601 ||| DROPPING +8 hammer "Xaoclypisch" {venom, Will-
                  | Str+3 Dex+7}.
  4645 | D:6      | 4645 ||| READING scroll of enchant armour.
  4645 | D:6      | 4645 ||| ENCHANTING +0 pair of boots.
  5282 | D:6      | 5282 ||| UPGRADING to ring of protection from cold.
  5283 | D:6      | 5283 ||| READING scroll labelled PESOOXEARO.
  5284 | D:6      | 5284 ||| READING scroll labelled OTUPLU NY OQOCO.
  5285 | D:6      | 5285 ||| READING scroll labelled OBBOOS IRALU.
  5286 | D:6      | 5286 ||| DRINKING 2 lumpy black potions.
  5345 | D:7      | Reached skill level 13 in Axes
  5711 | D:7      | Reached skill level 6 in Armour
  5775 | D:7      | Noticed Menkaure
  5783 | D:7      | Killed Menkaure
  6012 | D:8      | You fall into a shaft and drop 1 floor!
  6033 | D:9      | Noticed a troll
  6041 | D:9      | Killed a troll
  6124 | D:8      | Identified the +7 falchion of Integrity {holy, rElec Will+}
  6132 | D:8      | 6132 ||| Stepping ~*~*~tactically~*~*~ (hiding).
  6167 | D:8      | 6167 ||| Stepping ~*~*~tactically~*~*~ (hiding).
  6175 | D:8      | Reached XP level 10. HP: 90/90 MP: 9/9
  6175 | D:8      | 6175 ||| Stepping ~*~*~tactically~*~*~ (cloud).
  6176 | D:8      | 6176 ||| Stepping ~*~*~tactically~*~*~ (cloud).
  6179 | D:8      | 6179 ||| Stepping ~*~*~tactically~*~*~ (cloud).
  6229 | D:8      | 6229 ||| Stepping ~*~*~tactically~*~*~ (stealth).
  6230 | D:8      | 6230 ||| Stepping ~*~*~tactically~*~*~ (stealth).
  6235 | D:8      | 6235 ||| Stepping ~*~*~tactically~*~*~ (stealth).
  6236 | D:8      | 6236 ||| Stepping ~*~*~tactically~*~*~ (stealth).
  6237 | D:8      | 6237 ||| Stepping ~*~*~tactically~*~*~ (stealth).
  6239 | D:8      | 6239 ||| Stepping ~*~*~tactically~*~*~ (stealth).
  6243 | D:8      | 6243 ||| Stepping ~*~*~tactically~*~*~ (stealth).
  6247 | D:8      | 6247 ||| Stepping ~*~*~tactically~*~*~ (stealth).
  6438 | D:8      | Noticed Joseph
  6440 | D:8      | 6440 ||| Stepping ~*~*~tactically~*~*~ (hiding).
  6441 | D:8      | 6441 ||| Stepping ~*~*~tactically~*~*~ (hiding).
  6456 | D:8      | Killed Joseph
  6457 | D:8      | Reached skill level 14 in Axes
  6545 | D:8      | Noticed Grum
  6558 | D:8      | Killed Grum
  6559 | D:8      | Reached skill level 9 in Fighting
  6682 | D:8      | Found a sacrificial altar of Ru.
  6684 | D:8      | Found a sparkling altar of Nemelex Xobeh.
  6728 | D:8      | 6728 ||| UPGRADING to +0 plate armour.
  6738 | D:8      | 6738 ||| DROPPING +0 chain mail.
  6739 | D:8      | 6739 ||| READING scroll labelled MATZOU VAPNANU.
  6740 | D:8      | 6740 ||| READING scroll labelled WYT IMIAFEMU.
  6741 | D:8      | 6741 ||| READING scroll labelled WEPHOC RIFROL.
  6842 | D:8      | 6842 ||| DRINKING 3 viscous puce potions.
  6843 | D:8      | 6843 ||| DROPPING 2 potions of attraction.
  6945 | D:9      | 6945 ||| Stepping ~*~*~tactically~*~*~ (stealth).
  6977 | D:9      | 6977 ||| READING scroll of enchant armour.
  6977 | D:9      | 6977 ||| ENCHANTING +1 pair of boots.
  7103 | D:9      | 7103 ||| READING scroll of enchant armour.
  7103 | D:9      | 7103 ||| ENCHANTING +0 cloak.
  7212 | D:9      | 7212 ||| DRINKING 2 potions of resistance.
  7225 | D:9      | Noticed a deep elf pyromancer
  7232 | D:9      | Killed a deep elf pyromancer
  7233 | D:9      | Reached skill level 9 in Armour
  7238 | D:9      | Identified the +2 hat "Hutaah" {rElec Str-5 Int+4}
  7243 | D:9      | Noticed a deep elf pyromancer
  7248 | D:9      | Killed a deep elf pyromancer
  7249 | D:9      | Reached skill level 6 in Shields
  7456 | D:9      | Found a broken altar of Ashenzari.
  7506 | D:9      | 7506 ||| Stepping ~*~*~tactically~*~*~ (hiding).
  7629 | D:9      | 7629 ||| UPGRADING to +2 hat "Hutaah" {rElec Str-5 Int+4}.
  7634 | D:9      | 7634 ||| UPGRADING to +1 hat.
  7644 | D:9      | 7644 ||| DROPPING +2 hat "Hutaah" {rElec Str-5 Int+4}.
  7645 | D:9      | 7645 ||| READING 2 scrolls of identify.
  7645 | D:9      | 7645 ||| IDENTIFYING black potion
  7646 | D:9      | 7646 ||| DROPPING potion of degeneration.
  7702 | D:8      | Became a worshipper of Ru the Awakened
  7742 | D:10     | Entered Level 10 of the Dungeon
  7757 | D:10     | Reached XP level 11. HP: 91/99 MP: 10/10
  7757 | D:10     | 7757 ||| FLEEEEING.
  7758 | D:10     | 7758 ||| FLEEEEING.
  7759 | D:10     | 7759 ||| STAIRDANCE
  7866 | D:10     | 7866 ||| STAIRDANCE
  7877 | D:10     | 7877 ||| STAIRDANCE
  7899 | D:10     | Found Ewutomel's Antique Armour Shoppe.
  8422 | D:11     | 8422 ||| Stepping ~*~*~tactically~*~*~ (stealth).
  8424 | D:11     | 8424 ||| Stepping ~*~*~tactically~*~*~ (stealth).
  8486 | D:11     | Noticed a centaur warrior
  8497 | D:11     | Killed a centaur warrior
  8498 | D:11     | Reached skill level 15 in Axes
  8523 | D:11     | Noticed a death yak
  8523 | D:11     | Noticed a death yak
  8526 | D:11     | 8526 ||| Stepping ~*~*~tactically~*~*~ (stealth).
  8535 | D:11     | 8535 ||| Stepping ~*~*~tactically~*~*~ (stealth).
  8546 | D:11     | Killed a death yak
  8547 | D:11     | Reached skill level 3 in Throwing
  8547 | D:11     | 8547 ||| Stepping ~*~*~tactically~*~*~ (stealth).
  8547 | D:11     | Noticed a death yak
  8563 | D:11     | Killed a death yak
  8571 | D:11     | Killed a death yak
  8589 | D:11     | Noticed a two-headed ogre
  8590 | D:11     | 8590 ||| FLEEEEING.
  8594 | D:11     | HP: 21/101 [two-headed ogre/+0 giant club (12)]
  8595 | D:11     | 8595 ||| READING 3 scrolls of teleportation.
  8596 | D:11     | 8596 ||| DRINKING 3 potions of heal wounds.
  8690 | D:11     | 8690 ||| Stepping ~*~*~tactically~*~*~ (hiding).
  8734 | D:11     | Found a staircase to the Lair.
  8735 | D:11     | 8735 ||| INVOKING Sacrifice Artifice.
  8735 | D:11     | Gained mutation: You cannot study or use magical devices.
                  | [Ru sacrifice]
  8735 | D:11     | Reached * piety under Ru
  8735 | D:11     | Reached ** piety under Ru
  8747 | D:11     | 8747 ||| Stepping ~*~*~tactically~*~*~ (hiding).
  8754 | D:11     | 8754 ||| Stepping ~*~*~tactically~*~*~ (stealth).
  8786 | D:11     | Identified the +7 sling of Tainen {venom, rCorr Dex+7
                  | Stlth+}
  8817 | D:11     | 8817 ||| FLEEEEING.
  8818 | D:11     | 8818 ||| FLEEEEING.
  8819 | D:11     | 8819 ||| Stepping ~*~*~tactically~*~*~ (stealth).
  8826 | D:11     | Killed a two-headed ogre
  9131 | D:11     | Found a staircase to the Orcish Mines.
  9199 | D:11     | 9199 ||| PLANNING LAIR
  9199 | D:11     | 9199 ||| READING scroll labelled SUENNA HYTUSOX.
  9200 | D:11     | 9200 ||| DRINKING 2 fuming sapphire potions.
  9200 | D:11     | Gained mutation: You occasionally shout uncontrollably at
                  | your foes. [potion of mutation]
  9200 | D:11     | Gained mutation: You have a pair of large horns on your
                  | head. [potion of mutation]
  9200 | D:11     | Gained mutation: You passively map a small area around you.
                  | [potion of mutation]
  9201 | D:11     | 9201 ||| DROPPING +1 hat.
  9202 | D:11     | 9202 ||| READING 2 scrolls of identify.
  9202 | D:11     | 9202 ||| IDENTIFYING white potion
  9203 | D:11     | 9203 ||| DROPPING potion of ambrosia.
  9232 | Lair:1   | Entered Level 1 of the Lair of Beasts
  9288 | Lair:1   | 9288 ||| Stepping ~*~*~tactically~*~*~ (stealth).
  9298 | Lair:1   | 9298 ||| Stepping ~*~*~tactically~*~*~ (stealth).
  9299 | Lair:1   | 9299 ||| Stepping ~*~*~tactically~*~*~ (stealth).
  9329 | Lair:1   | Reached skill level 12 in Fighting
  9418 | Lair:1   | 9418 ||| Stepping ~*~*~tactically~*~*~ (stealth).
  9453 | Lair:1   | Reached XP level 12. HP: 93/112 MP: 11/11
  9483 | Lair:1   | 9483 ||| Stepping ~*~*~tactically~*~*~ (stealth).
  9900 | Lair:1   | Reached skill level 12 in Armour
 10098 | Lair:1   | 10098 ||| DRINKING 2 emerald potions.
 10099 | Lair:1   | 10099 ||| DRINKING 2 ruby potions.
 10114 | Lair:2   | Found a staircase to the Shoals.
 10115 | Lair:2   | Noticed Amaemon
 10137 | Lair:2   | Killed Amaemon
 10154 | Lair:2   | Found a hole to the Spider Nest.
 10182 | Lair:2   | HP: 26/115 [wind drake (7)]
 10183 | Lair:2   | 10183 ||| READING 2 scrolls of teleportation.
 10184 | Lair:2   | 10184 ||| DRINKING 2 potions of heal wounds.
 10223 | Lair:2   | Reached skill level 9 in Shields
 10267 | Lair:2   | 10267 ||| SWAPPING to +1 war axe of flaming.
 10268 | Lair:2   | 10268 ||| DROPPING +1 vampiric hand axe.
 10269 | Lair:2   | 10269 ||| DROPPING +2 hand axe of flaming.
 10355 | Lair:2   | Noticed a boulder beetle
 10370 | Lair:2   | Killed a boulder beetle
 10384 | Lair:2   | 10384 ||| INVOKING Sacrifice Nimbleness.
 10384 | Lair:2   | Gained mutation: You cannot train Dodging skill. [Ru
                  | sacrifice]
 10384 | Lair:2   | Reached *** piety under Ru
 10501 | Lair:2   | 10501 ||| READING scroll of enchant armour.
 10501 | Lair:2   | 10501 ||| ENCHANTING +1 cloak.
 10601 | Lair:2   | 10601 ||| DRINKING potion of cancellation.
 10671 | Lair:2   | HP: 24/115 [electric eel/bolt of electricity (6)]
 10672 | Lair:2   | 10672 ||| READING 2 scrolls of teleportation.
 10673 | Lair:2   | 10673 ||| INVOKING Draw Out Power.
 10750 | Lair:2   | 10750 ||| FLEEEEING.
 10751 | Lair:2   | 10751 ||| FLEEEEING.
 10752 | Lair:2   | 10752 ||| FLEEEEING.
 10753 | Lair:2   | 10753 ||| FLEEEEING.
 10754 | Lair:2   | 10754 ||| FLEEEEING.
 10755 | Lair:2   | 10755 ||| FLEEEEING.
 10756 | Lair:2   | 10756 ||| FLEEEEING.
 10757 | Lair:2   | 10757 ||| FLEEEEING.
 10758 | Lair:2   | 10758 ||| FLEEEEING.
 10759 | Lair:2   | 10759 ||| FLEEEEING.
 10760 | Lair:2   | 10760 ||| FLEEEEING.
 10761 | Lair:2   | 10761 ||| FLEEEEING.
 10762 | Lair:2   | 10762 ||| FLEEEEING.
 10763 | Lair:2   | 10763 ||| FLEEEEING.
 10764 | Lair:2   | 10764 ||| FLEEEEING.
 10765 | Lair:2   | 10765 ||| FLEEEEING.
 10766 | Lair:2   | 10766 ||| FLEEEEING.
 10767 | Lair:2   | 10767 ||| FLEEEEING.
 10768 | Lair:2   | 10768 ||| FLEEEEING.
 10769 | Lair:2   | 10769 ||| FLEEEEING.
 10770 | Lair:2   | 10770 ||| FLEEEEING.
 10771 | Lair:2   | 10771 ||| FLEEEEING.
 10772 | Lair:2   | 10772 ||| FLEEEEING.
 10773 | Lair:2   | 10773 ||| FLEEEEING.
 10774 | Lair:2   | 10774 ||| FLEEEEING.
 10775 | Lair:2   | 10775 ||| FLEEEEING.
 10776 | Lair:2   | 10776 ||| FLEEEEING.
 10777 | Lair:2   | 10777 ||| FLEEEEING.
 10778 | Lair:2   | 10778 ||| FLEEEEING.
 10779 | Lair:2   | 10779 ||| FLEEEEING.
 10780 | Lair:2   | 10780 ||| FLEEEEING.
 10781 | Lair:2   | 10781 ||| FLEEEEING.
 10782 | Lair:2   | 10782 ||| FLEEEEING.
 10783 | Lair:2   | 10783 ||| FLEEEEING.
 10784 | Lair:2   | 10784 ||| FLEEEEING.
 10786 | Lair:2   | 10786 ||| FLEEEEING.
 10788 | Lair:2   | 10788 ||| FLEEEEING.
 10789 | Lair:2   | 10789 ||| STAIRDANCE
 10853 | Lair:1   | 10853 ||| DRINKING 2 fizzy orange potions.
 10854 | Lair:1   | 10854 ||| READING 2 scrolls of identify.
 10854 | Lair:1   | 10854 ||| IDENTIFYING brown potion
 10855 | Lair:1   | 10855 ||| DROPPING potion of invisibility.
 10856 | Lair:1   | 10856 ||| DROPPING potion of brilliance.
 10865 | Lair:2   | Reached skill level 16 in Axes
 10865 | Lair:2   | 10865 ||| STAIRDANCE
 11042 | Lair:2   | Identified the +0 ring mail "Ucoturit" {+Inv rCorr Int+4
                  | Stlth+}
 11244 | Lair:2   | 11244 ||| DROPPING ring of wizardry.
 11245 | Lair:2   | 11245 ||| DROPPING ring of flight.
 11453 | Lair:3   | 11453 ||| Stepping ~*~*~tactically~*~*~ (stealth).
 11456 | Lair:3   | 11456 ||| Stepping ~*~*~tactically~*~*~ (stealth).
 11457 | Lair:3   | 11457 ||| Stepping ~*~*~tactically~*~*~ (stealth).
 11464 | Lair:3   | 11464 ||| Stepping ~*~*~tactically~*~*~ (stealth).
 11467 | Lair:3   | 11467 ||| Stepping ~*~*~tactically~*~*~ (stealth).
 11494 | Lair:3   | 11494 ||| Stepping ~*~*~tactically~*~*~ (stealth).
 11523 | Lair:3   | 11523 ||| Stepping ~*~*~tactically~*~*~ (stealth).
 11667 | Lair:3   | 11667 ||| Stepping ~*~*~tactically~*~*~ (stealth).
 11670 | Lair:3   | 11670 ||| Stepping ~*~*~tactically~*~*~ (stealth).
 11671 | Lair:3   | 11671 ||| Stepping ~*~*~tactically~*~*~ (stealth).
 11673 | Lair:3   | 11673 ||| Stepping ~*~*~tactically~*~*~ (stealth).
 11675 | Lair:3   | Reached XP level 13. HP: 122/122 MP: 12/12
 11683 | Lair:3   | Reached skill level 17 in Axes
 11744 | Lair:3   | 11744 ||| Stepping ~*~*~tactically~*~*~ (hiding).
 11763 | Lair:3   | 11763 ||| Stepping ~*~*~tactically~*~*~ (cloud).
 11764 | Lair:3   | 11764 ||| Stepping ~*~*~tactically~*~*~ (cloud).
 11799 | Lair:3   | Found a runed translucent gate.
 11799 | Lair:3   | Found a runed translucent gate.
 11800 | Lair:3   | Found a runed translucent gate.
 11801 | Lair:3   | Noticed qw's ghost (journeyman TrCA)
 11805 | Lair:3   | Found a viscous altar of Jiyva.
 12133 | Lair:3   | 12133 ||| READING scroll labelled VEOXZU NAANKEI.
 12134 | Lair:3   | 12134 ||| READING 2 scrolls of identify.
 12134 | Lair:3   | 12134 ||| IDENTIFYING viscous dark potion
 12135 | Lair:3   | 12135 ||| DROPPING potion of flight.
 12199 | Lair:4   | Noticed Kirke
 12200 | Lair:4   | 12200 ||| Stepping ~*~*~tactically~*~*~ (stealth).
 12218 | Lair:4   | Killed Kirke
 12224 | Lair:4   | 12224 ||| FLEEEEING.
 12340 | Lair:4   | 12340 ||| FLEEEEING.
 12341 | Lair:4   | 12341 ||| FLEEEEING.
 12342 | Lair:4   | 12342 ||| FLEEEEING.
 12451 | Lair:4   | 12451 ||| FLEEEEING.
 12452 | Lair:4   | 12452 ||| FLEEEEING.
 12477 | Lair:4   | 12477 ||| FLEEEEING.
 12478 | Lair:4   | 12478 ||| FLEEEEING.
 12498 | Lair:4   | 12498 ||| FLEEEEING.
 12520 | Lair:4   | 12520 ||| FLEEEEING.
 12521 | Lair:4   | 12521 ||| FLEEEEING.
 12780 | Lair:4   | Noticed Josephine
 12795 | Lair:4   | Killed Josephine
 12848 | Lair:4   | 12848 ||| INVOKING Reject Sacrifices.
 13035 | Lair:4   | Reached skill level 15 in Fighting
 13125 | Lair:4   | 13125 ||| Stepping ~*~*~tactically~*~*~ (stealth).
 13127 | Lair:4   | 13127 ||| Stepping ~*~*~tactically~*~*~ (stealth).
 13134 | Lair:4   | 13134 ||| Stepping ~*~*~tactically~*~*~ (stealth).
 13554 | Lair:4   | 13554 ||| READING scroll labelled OVVINT TUICUNO.
 13635 | Lair:5   | Entered Level 5 of the Lair of Beasts
 13645 | Lair:5   | 13645 ||| Stepping ~*~*~tactically~*~*~ (stealth).
 13647 | Lair:5   | 13647 ||| Stepping ~*~*~tactically~*~*~ (stealth).
 13656 | Lair:5   | 13656 ||| FLEEEEING.
 13659 | Lair:5   | 13659 ||| FLEEEEING.
 13660 | Lair:5   | 13660 ||| FLEEEEING.
 13661 | Lair:5   | 13661 ||| FLEEEEING.
 13662 | Lair:5   | 13662 ||| FLEEEEING.
 13663 | Lair:5   | 13663 ||| FLEEEEING.
 13664 | Lair:5   | 13664 ||| FLEEEEING.
 13665 | Lair:5   | 13665 ||| STAIRDANCE
 13770 | Lair:5   | 13770 ||| Stepping ~*~*~tactically~*~*~ (hiding).
 13771 | Lair:5   | 13771 ||| Stepping ~*~*~tactically~*~*~ (hiding).
 13787 | Lair:5   | 13787 ||| Stepping ~*~*~tactically~*~*~ (cloud).
 13911 | Lair:5   | HP: 22/126 [cane toad (13)]
 13912 | Lair:5   | 13912 ||| READING scroll of teleportation.
 13912 | Lair:5   | HP: 8/126 [cane toad (10)]
 13913 | Lair:5   | 13913 ||| INVOKING Draw Out Power.
 13914 | Lair:5   | 13914 ||| DRINKING 2 potions of heal wounds.
 13915 | Lair:5   | 13915 ||| DRINKING potion of heal wounds.
 13917 | Lair:5   | HP: 25/120 [poisoned by a cane toad]
 13920 | Lair:5   | HP: 3/120 [blink frog (12)]
 13922 | Lair:5   | Slain by a blink frog

Levels and vault maps discovered:
D:1:      dpeg_arrival_erosion, layout_loops_ring, nicolae_titane
D:2:      layout_basic, serial_undead, serial_undead_e, serial_undead_b,
          serial_undead_f, serial_undead_b, minmay_cupped
D:3:      layout_loops_ring, hangedman_abyss_or_decor_lesser_grid,
          kennysheep_nub, uniq_grinder, uniq_crazy_yiuf_cottage
D:4:      layout_basic, minmay_temple_entry_glass, minmay_manual_mail,
          uniq_blork_the_orc
D:5:      lemuel_ice_spiral_2, layout_basic
D:6:      layout_basic
D:7:      layout_gridville, minmay_gold_behind_fungi, uniq_menkaure
D:8:      layout_cave_pools, nicolae_overflow_hidden_temple, serial_gnoll_camp,
          grums_kennel, gnoll_camp_mini_hut, gnoll_camp_mini_hut,
          gnoll_camp_mini_hut, kennysheep_donut, uniq_joseph
D:9:      layout_rooms, mainiacjoe_overflow_alcove_1,
          chequers_serial_rivers_micro_b, hangedman_minor_magic
D:10:     layout_long_grid, serial_shops, shop_coins
D:11:     layout_basic, dpeg_lair_monsters, orc_0_dummy
Temple:   nicolae_temple_bog_church
Lair:1:   layout_roguey [special_room_bee], nicolae_quartered_pool_medium
Lair:2:   layout_gridlike, minmay_shoals_entry_beasts,
          spider_nest_entry_web_field, disabler_island, uniq_amaemon
Lair:3:   layout_roguey, gammafunk_ghost_ooze, serial_bayou_crossing
Lair:4:   layout_layer_cave, kilobyte_rumbling_trees, uniq_kirke, uniq_josephine
Lair:5:   minmay_lair_end_frog_pond, layout_regular_city,
          minmay_slime_entry_eyes, st_stairs_11

Skill      XL: |  1  2  3  4  5  6  7  8  9 10 11 12 13 |
---------------+----------------------------------------+-----
Axes           | 3 4 5 6 8 9 10 11 13 14 15 16 17 | 17.0
Dodging        | 1 3 4 0 |  0.0
Fighting       | 4 5 6 8 10 12 13 15 | 15.0
Armour         | 5 6 9 11 12 14 | 14.5
Throwing       | 1 3 |  3.2
Shields        | 5 6 7 9 10 | 10.0

Action                   |  1- 3 |  4- 6 |  7- 9 | 10-12 | 13-15 || total
-------------------------+-------+-------+-------+-------+-------++-------
Melee: War axe           |    88 |    70 |   105 |   101 |   249 ||   613
       Headbutt          |    13 |    10 |    48 |   212 |    54 ||   337
       Hand axe          |       |       |   165 |   736 |       ||   901
Throw: Boomerang         |       |     8 |    74 |    60 |    48 ||   190
Invok: Sacrifice Artific |       |       |       |     1 |       ||     1
       Draw Out Power    |       |       |       |     1 |     1 ||     2
       Sacrifice Nimblen |       |       |       |     1 |       ||     1
       Reject Sacrifices |       |       |       |       |     1 ||     1
  Use: Scroll            |     1 |     4 |     7 |    13 |     4 ||    29
       Potion            |       |     2 |     1 |     9 |     2 ||    14
 Stab: Invisible         |       |       |       |     4 |     2 ||     6
       Distracted        |       |       |       |       |     1 ||     1
Armor: Scale mail        |    21 |       |       |       |       ||    21
       Chain mail        |    21 |    29 |    94 |    11 |       ||   155
       Plate armour      |       |       |       |   527 |   142 ||   669
Dodge: Dodged            |    30 |    22 |    82 |   273 |    64 ||   471
Block: Buckler           |    18 |    16 |    52 |   174 |    55 ||   315

Table legend:
 A = Non-vault XP
 B = Vault XP
 C = Vault XP percentage of total XP
 D = Non-vault monster count
 E = Vault monster count
 F = Vault count percentage of total count
                 A         B        C        D         E       F
            +---------+---------+-------+---------+---------+-------
      Total |   39193 |   19807 |  33.6 |     312 |     113 |  26.6
            +---------+---------+-------+---------+---------+-------
        D:1 |      45 |       0 |   0.0 |      26 |       0 |   0.0
        D:2 |      47 |      14 |  23.0 |      18 |       7 |  28.0
        D:3 |     194 |     286 |  59.6 |      20 |       1 |   4.8
        D:4 |     462 |     482 |  51.1 |      24 |       5 |  17.2
        D:5 |    1545 |       0 |   0.0 |      26 |       0 |   0.0
        D:6 |     932 |       0 |   0.0 |      15 |       0 |   0.0
        D:7 |     399 |     172 |  30.1 |      10 |       1 |   9.1
        D:8 |     750 |    1065 |  58.7 |      12 |      12 |  50.0
        D:9 |    2931 |    1605 |  35.4 |      33 |      17 |  34.0
       D:10 |    1207 |       0 |   0.0 |       9 |       0 |   0.0
       D:11 |    3381 |    3263 |  49.1 |      18 |       7 |  28.0
     Lair:1 |    4503 |    1784 |  28.4 |      18 |      25 |  58.1
     Lair:2 |    8090 |    2311 |  22.2 |      27 |       7 |  20.6
     Lair:3 |    4011 |       0 |   0.0 |      17 |       0 |   0.0
     Lair:4 |    8059 |    4780 |  37.2 |      32 |      18 |  36.0
     Lair:5 |    2637 |    4045 |  60.5 |       7 |      13 |  65.0
            +---------+---------+-------+---------+---------+-------
